 Dungeon Crawl Stone Soup version 0.17-a0-77-gee7a2f2 (webtiles) character file.

2720 Kaesh the Cleaver (level 9, -4/82 HPs)
             Began as a Hill Orc Fighter on Mar 13, 2015.
             Was a Believer of Okawaru.
             Slain by a large abomination (17 damage)
             ... on level 1 of the Abyss on Mar 14, 2015.
             The game lasted 00:28:11 (7064 turns).

Kaesh the Cleaver (Hill Orc Fighter)                Turns: 7064, Time: 00:28:12

Health: -4/82      AC: 13    Str: 21    XL:     9   Next: 66%
Magic:  9/9        EV: 13    Int:  8    God:    Okawaru [**....]
Gold:   439        SH: 11    Dex: 11    Spells: 0 memorised, 8 levels left

rFire  . . .     SeeInvis .     a - +0 war axe
rCold  . . .     Clarity  .     m - +4 ring mail {rPois}
rNeg   + . .     SustAb   +     c - +0 shield
rPois  +         Gourm    .     o - +1 helmet
rElec  .         Spirit   .     (no cloak)
rCorr  .         Warding  +     (no gloves)
rMut   .         Stasis   .     (no boots)
MR     .....                    x - amulet of warding
Stlth  +.........               B - +4 ring of evasion
                                i - ring of sustain abilities

@: not resistant to hostile enchantments, very unstealthy
A: no striking features
a: Heroism, Renounce Religion


You were on level 1 of the Abyss.
You worshipped Okawaru.
Okawaru was pleased with you.
You were not hungry.

You visited 2 branches of the dungeon, and saw 8 of its levels.
You visited the Abyss 1 time.

You collected 439 gold pieces.

Inventory:

Hand weapons
 a - a +0 war axe (weapon)
Armour
 b - a +0 scale mail
 c - a +0 shield (worn)
 m - a +4 ring mail of poison resistance (worn)
 o - a +1 helmet (worn)
Jewellery
 g - an uncursed amulet of rage
 i - a ring of sustain abilities (left hand)
 x - an amulet of warding (around neck)
 B - a +4 ring of evasion (right hand)
 J - an uncursed ring of stealth {unknown}
Scrolls
 j - 11 scrolls of identify
 k - a scroll of remove curse
 q - 4 scrolls of recharging
 y - 4 scrolls of immolation {unknown}
 z - 2 scrolls of magic mapping {unknown}
 A - 2 scrolls of teleportation {unknown}
 E - a scroll of enchant weapon {unknown}
 F - a scroll of holy word {unknown}
 H - a scroll of fear
 K - a scroll of noise {unknown}
Potions
 e - 2 potions of might
 f - 2 potions of agility
 h - a potion of ambrosia {unknown}
 l - 2 potions of curing {unknown}
 p - a potion of degeneration {unknown}
 s - a potion of invisibility
 t - a potion of cure mutation {unknown}
 v - a potion of cancellation
 w - 2 potions of flight
 G - a potion of heal wounds
Books
 C - a book of Ice

   Spells                             Type                      Level
   a - Ice Form                       Ice/Transmutation            4
   b - Metabolic Englaciation         Hexes/Ice                    5
   c - Ozocubu's Refrigeration        Ice                          6
   d - Bolt of Cold                   Conjuration/Ice              6
   e - Freezing Cloud                 Conjuration/Ice/Air          6
   f - Simulacrum                     Ice/Necromancy               6
 D - a book of Annihilations {highlevel, unknown}

   This book is beyond your current level of understanding.

   Spells                             Type                      Level
   a - Poison Arrow                   Conjuration/Poison           6
   b - Chain Lightning                Conjuration/Air              8
   c - Lehudib's Crystal Spear        Conjuration/Earth            8
   d - Glaciate                       Conjuration/Ice              9
   e - Fire Storm                     Conjuration/Fire             9
Comestibles
 d - 3 meat rations
 n - 3 bread rations
 r - 10 fruits
 u - a slice of pizza


   Skills:
 + Level 8.5 Fighting
 + Level 8.8 Axes
 + Level 7.8 Armour
 + Level 7.9 Shields


You had 8 spell levels left.
You didn't know any spells.

Dungeon Overview and Level Annotations

Branches:
Dungeon (7/15)             Temple (1/1) D:4

Altars:
Ashenzari
Cheibriados
Dithmenos
Elyvilon
Fedhas
Gozag
Kikubaaqudgha
Makhleb
Okawaru
Qazlal
Ru
Sif Muna
Trog
Vehumet
Xom
Yredelemnul
Zin


Message History

A powerful magic prevents control of your teleportation.
Your blink will be uncontrolled - continue anyway?
You blink.
As you read the scroll of blinking, it crumbles to dust.
A tentacle flies out from the starspawn's body!
The small abomination barely misses you.
The small abomination closely misses you.
A large abomination comes into view.
Your shield and ring mail prevent you from hitting the large abomination.
You closely miss the small abomination.
The small abomination is severely damaged.
The large abomination barely misses you.
The small abomination hits you.
* * * LOW HITPOINT WARNING * * *
You hit the large abomination but do no damage.
You barely miss the small abomination.
The small abomination is severely damaged.
Tentacles burst from the starspawn's body!
The large abomination hits you!
You die...

## .. ..
### ###
.##.. ..#
.#.. .. ..#
##.##X.#
#.##..#@#.#
#...#.x.#
#. #...#
##..w.#
#ยง..X####
#..w.#4.#
###...##..#
#...##.# .#
##...4X #


You could see a tentacled starspawn, a large abomination, a small abomination
and 2 starspawn tentacles.

Vanquished Creatures
  A large abomination (Abyss:1)
  2 small abominations (Abyss:1)
  An ice beast (D:4)
  An orc warrior (D:6)
  2 phantoms (D:5)
  An ogre (D:4)
  5 centaurs
  2 giant frogs
  A scorpion (D:5)
  3 crimson imps
  A giant frog zombie (D:5)
  2 jellies
  A hound (D:5)
  5 orc priests
  5 orc wizards
  A giant frog skeleton (D:5)
  4 worker ants
  An iguana (D:7)
  A killer bee zombie (D:7)
  Ijyb (D:4)
  A hound zombie (D:5)
  A hound skeleton (D:6)
  A worker ant zombie (D:6)
  14 gnolls
  9 adders
  A giant mite (D:2)
  4 worms
  An adder skeleton (D:4)
  2 adder zombies
  17 orcs
  15 bats
  A bat zombie (D:7)
  7 giant cockroaches
  17 goblins
  13 hobgoblins
  8 jackals
  9 kobolds
  5 quokkas
  8 giant geckos
  7 giant newts
  A quokka skeleton (D:5)
  13 rats
  A spectral orc (D:2)
197 creatures vanquished.

Vanquished Creatures (others)
  A starspawn tentacle (Abyss:1)
1 creature vanquished.

Grand Total: 198 creatures vanquished

Notes
Turn   | Place    | Note
--------------------------------------------------------------
     0 | D:1      | Kaesh, the Hill Orc Fighter, began the quest for the Orb.
     0 | D:1      | Reached XP level 1. HP: 19/19 MP: 1/1
    91 | D:1      | Reached XP level 2. HP: 27/27 MP: 2/2
   326 | D:1      | Reached skill level 4 in Fighting
   457 | D:1      | Reached XP level 3. HP: 33/33 MP: 3/3
   612 | D:2      | Found a deep blue altar of Sif Muna.
   860 | D:2      | Reached XP level 4. HP: 40/40 MP: 4/4
  1245 | D:2      | Found a basalt altar of Yredelemnul.
  1468 | D:3      | Reached XP level 5. HP: 47/47 MP: 5/5
  2268 | D:4      | You fall through a shaft for 2 floors!
  2274 | D:6      | Reached XP level 6. HP: 55/55 MP: 6/6
  2279 | D:5      | Entered Level 5 of the Dungeon
  2314 | D:5      | Reached skill level 5 in Fighting
  2321 | D:5      | Reached skill level 5 in Shields
  2341 | D:5      | Found an opulent altar of Gozag.
  2628 | D:4      | Noticed Ijyb
  2638 | D:4      | Killed Ijyb
  2802 | D:4      | Reached skill level 5 in Armour
  2847 | D:4      | Reached skill level 5 in Axes
  3027 | D:4      | Noticed an ogre
  3034 | D:4      | Killed an ogre
  3034 | D:4      | Reached XP level 7. HP: 61/61 MP: 7/7
  3039 | D:4      | Found a staircase to the Ecumenical Temple.
  3050 | Temple   | Entered the Ecumenical Temple
  3212 | Temple   | Became a worshipper of Warmaster Okawaru
  3348 | D:4      | Found a burning altar of Makhleb.
  3366 | D:4      | Noticed an ice beast
  3368 | D:4      | Killed an ice beast
  3549 | D:4      | Found a stormy altar of Qazlal.
  3936 | D:5      | Reached skill level 6 in Fighting
  4645 | D:5      | Reached XP level 8. HP: 64/71 MP: 8/8
  4705 | D:5      | Acquired Okawaru's first power
  5178 | D:5      | Reached skill level 7 in Fighting
  5265 | D:6      | Noticed a centaur
  5269 | D:6      | Noticed a centaur
  5273 | D:6      | Noticed a centaur
  5292 | D:6      | Killed a centaur
  5863 | D:6      | Noticed an orc warrior
  5875 | D:6      | Killed an orc warrior
  6060 | D:6      | Killed a centaur
  6060 | D:6      | Reached XP level 9. HP: 50/79 MP: 9/9
  6069 | D:6      | Killed a centaur
  6329 | D:7      | Reached skill level 8 in Axes
  6843 | D:7      | Found a stormy altar of Qazlal.
  6914 | D:7      | Cast into the Abyss (orc warrior)
  7027 | Abyss:1  | Noticed a hellwing
  7033 | Abyss:1  | Noticed a large abomination
  7043 | Abyss:1  | Noticed a tentacled starspawn
  7055 | Abyss:1  | Killed a large abomination
  7061 | Abyss:1  | Noticed a large abomination
  7064 | Abyss:1  | Slain by a large abomination

Action                   |  1- 3 |  4- 6 |  7- 9 || total
-------------------------+-------+-------+-------++-------
Melee: War axe           |    89 |   173 |   309 ||   571
  Use: Scroll            |     1 |     6 |     2 ||     9
       Potion            |       |     6 |       ||     6
  Eat: Chunk             |       |     8 |    12 ||    20
       Fruit             |       |       |     1 ||     1
